 Dungeon Crawl Stone Soup version 0.21.1-1-g345015f (webtiles) character file.

2999 kae the Cleaver (level 9, -3/79 (81) HPs)
             Began as a Hill Orc Fighter on June 1, 2018.
             Slain by a yak (8 damage)
             ... on level 6 of the Dungeon.
             The game lasted 00:07:22 (7794 turns).

kae the Cleaver (Hill Orc Fighter)                  Turns: 7794, Time: 00:07:23

HP:   -3/79 (81)    AC:  8    Str: 22    XL:     9   Next: 84%
MP:   9/9           EV:  9    Int:  8    God:
Gold: 394           SH:  9    Dex: 10    Spells: 8/8 levels left

rFire    x . .     SeeInvis .   a - +0 war axe
rCold    + . .     Gourm    .   c - +0 shield
rNeg     . . .     Faith    .   b - +1 scale mail
rPois    .         Spirit   .   (no helmet)
rElec    .         Reflect  .   k - scarf {repulsion}
rCorr    .         Harm     .   (no gloves)
MR       .....                  (no boots)
Stlth    ..........             (no amulet)
HPRegen  0.23/turn              v - ring of ice
MPRegen  0.11/turn              x - ring of loudness (curse)

@: repel missiles
A: no striking features
a: no special abilities


You were on level 6 of the Dungeon.
You were not hungry.

You visited 1 branch of the dungeon, and saw 7 of its levels.
You also visited: Ossuary.

You collected 394 gold pieces.

Inventory:

Hand Weapons
 a - a +0 war axe (weapon)
 d - a cursed +0 battleaxe
Armour
 b - a +1 scale mail (worn)
 c - a +0 shield (worn)
 k - a scarf of repulsion (worn)
Jewellery
 t - an uncursed ring of fire
 v - a ring of ice (left hand)
 x - a cursed ring of loudness (right hand)
Wands
 n - a wand of polymorph (12)
 p - a wand of paralysis (29)
Scrolls
 g - 2 scrolls of identify
 i - 4 scrolls of remove curse
 l - 2 scrolls of magic mapping
 m - 6 scrolls of amnesia
 o - 4 scrolls of enchant armour
 q - 2 scrolls of teleportation
 y - 3 scrolls of fear
Potions
 e - 2 potions of haste
 j - a potion of resistance
 r - a potion of curing
 s - 2 potions of heal wounds
 u - a potion of flight
 w - a potion of cancellation
Books
 h - a book of Changes

   Spells                             Type                      Level
   a - Beastly Appendage              Transmutation                1
   b - Sticks to Snakes               Transmutation                2
   c - Spider Form                    Transmutation/Poison         3
   d - Ice Form                       Ice/Transmutation            4
   e - Blade Hands                    Transmutation                5
Comestibles
 f - 5 rations


   Skills:
 + Level 8.0 Fighting
 * Level 11.2 Axes
 + Level 7.3 Armour
 + Level 4.7 Dodging
 - Level 3.2 Shields


You had 8 spell levels left.
You didn't know any spells.

Dungeon Overview and Level Annotations

Branches:
Dungeon (7/15)
 Temple: D:4-7

Altars:

Annotations:
D:4 Pikel


Message History

Your Fighting skill increases to level 8!
You slash the yak! You block the yak's attack.
You hit the yak.
The yak is severely wounded.
You block the yak's attack.
You closely miss the yak.
The yak is severely wounded.
The yak gores you!
* * * LOW HITPOINT WARNING * * *
You hit the yak.
The yak is almost dead.
The yak gores you!
* * * LOW HITPOINT WARNING * * *
You completely miss the yak.
The yak is almost dead.
The yak gores you but does no damage.
You completely miss the yak.
The yak is almost dead.
The yak gores you!
You die...

......# #.###.###...........#..
#####.# ##.##...##...(..........
# #.# #..........#.......(.... #
#.# #..##...#.........(..#.# #
#.####..........###....(.....
#...............# ##..(..##.#
####.###........#######(.##.#
#..# #.[..Y#......# #.(##.#
#..###.#.†@##.###.# #..)...
#.#....######.###.###.).###
#.##.#.# #.##...##)>.#
#.##.#.######.(.....((..#
#...........####...##.#(#
#...##.####.#####.###(#.###
#...##.####.##........#....
#######...##.........##.#######.#
..........#######.#####.#### #.#


You could see a yak.

Vanquished Creatures
  The ghost of kae the Cleaver, a novice HOFi of Makhleb (D:6)
  A hippogriff (D:5)
  2 wraiths (Ossuary)
  A yak (D:6)
  3 slaves
  A phantom (D:5)
  An ice beast (D:5)
  A necrophage (D:6)
  3 ogres
  3 centaurs (D:6)
  Blork the orc (D:5)
  A bullfrog (D:5)
  A scorpion (D:5)
  The ghost of Monsterracer the Ruffian, a weakling MiMo (D:4)
  3 wights (Ossuary)
  2 howler monkeys
  3 crimson imps
  2 bullfrog zombies
  6 orc wizards
  2 centaur skeletons
  5 worker ants
  A howler monkey zombie (D:5)
  4 gnolls (D:5)
  8 adders
  4 oozes
  An adder zombie (Ossuary)
  3 worms
  A dart slug (D:3)
  3 leopard geckos
  15 orcs
  4 giant cockroaches
  11 goblins
  5 hobgoblins
  4 jackals
  8 kobolds
  A quokka (D:5)
  3 ball python skeletons (Ossuary)
  10 bats
  5 frilled lizards
  3 hobgoblin skeletons (Ossuary)
  A leopard gecko skeleton (D:2)
  An orc skeleton (Ossuary)
  An orc zombie (Ossuary)
  2 quokka skeletons
  A quokka zombie (D:5)
  4 rats
148 creatures vanquished.

Notes
Turn   | Place    | Note
-------+----------+-------------------------------------------
     0 | D:1      | kae the Hill Orc Fighter began the quest for the Orb.
     0 | D:1      | Reached XP level 1. HP: 19/19 MP: 1/1
    92 | D:1      | Reached skill level 3 in Axes
   122 | D:1      | Reached XP level 2. HP: 21/27 MP: 2/2
   394 | D:1      | Reached XP level 3. HP: 30/33 MP: 3/3
   902 | D:2      | Reached skill level 1 in Dodging
   957 | D:2      | Reached skill level 4 in Axes
  1026 | D:2      | Reached XP level 4. HP: 31/40 MP: 4/4
  2234 | D:4      | Noticed a slave
  2241 | D:4      | Reached XP level 5. HP: 37/47 MP: 5/5
  2297 | D:4      | Noticed an ogre
  2419 | D:4      | Reached skill level 5 in Axes
  2476 | D:4      | Found a sand-covered staircase.
  2486 | Ossuary  | Entered an ossuary
  2834 | Ossuary  | Reached XP level 6. HP: 49/55 MP: 6/6
  2890 | Ossuary  | Noticed a flying skull
  2890 | Ossuary  | Noticed a wraith
  2899 | Ossuary  | Noticed a flying skull
  2901 | Ossuary  | Noticed a flying skull
  2968 | Ossuary  | Noticed a flying skull
  2979 | Ossuary  | Reached skill level 5 in Fighting
  2979 | Ossuary  | Reached skill level 6 in Axes
  3006 | Ossuary  | Noticed a wraith
  3018 | Ossuary  | Killed a wraith
  3018 | Ossuary  | Reached XP level 7. HP: 11/61 MP: 7/7
  3265 | Ossuary  | Noticed a wraith
  3279 | Ossuary  | Killed a wraith
  3279 | Ossuary  | Reached skill level 7 in Axes
  3279 | Ossuary  | Reached skill level 5 in Armour
  3867 | D:4      | Noticed Monsterracer's ghost (weakling MiMo)
  3884 | D:4      | Killed Monsterracer's ghost
  4043 | D:4      | Reached XP level 8. HP: 56/70 MP: 8/8
  4271 | D:4      | Noticed Pikel
  4285 | D:4      | Paralysed by Pikel for 7 turns
  4299 | D:4      | Paralysed by Pikel for 7 turns
  4966 | D:5      | Entered Level 5 of the Dungeon
  4973 | D:5      | Reached skill level 8 in Axes
  5174 | D:5      | Noticed Blork the orc
  5207 | D:5      | Killed Blork the orc
  5366 | D:5      | Reached skill level 9 in Axes
  5572 | D:5      | Noticed a hippogriff
  5585 | D:5      | Killed a hippogriff
  5586 | D:5      | Reached XP level 9. HP: 28/79 MP: 9/9
  6478 | D:6      | Noticed kae's ghost (novice HOFi)
  6480 | D:6      | Reached skill level 10 in Axes
  6526 | D:6      | Found the +8 glaive of the Guard {elec, +Rage AC+5 SInv}
  7150 | D:6      | Killed kae's ghost
  7689 | D:6      | Reached skill level 11 in Axes
  7794 | D:6      | Slain by a yak

Skill      XL: |  1  2  3  4  5  6  7  8  9 |
---------------+----------------------------+-----
Axes           | 3 4 5 6 7 9 11 | 11.2
Fighting       | 4 5 7 8 |  8.0
Dodging        | 1 2 3 4 |  4.7
Armour         | 4 5 6 7 |  7.3
Shields        | |  3.2

Action                   |  1- 3 |  4- 6 |  7- 9 || total
-------------------------+-------+-------+-------++-------
Melee: War axe           |    93 |   149 |   402 ||   644
  Use: Scroll            |       |    11 |     3 ||    14
       Potion            |       |     1 |     5 ||     6
  Eat: Chunk             |       |     6 |     7 ||    13
       Ration            |       |       |     3 ||     3
Armor: Scale mail        |    28 |    52 |   120 ||   200
       Skin              |       |       |    16 ||    16
Dodge: Dodged            |    21 |    42 |   122 ||   185
       Deflected         |     2 |     4 |     5 ||    11
Block: Shield            |    48 |    73 |   190 ||   311
